 Dungeon Crawl Stone Soup version 0.31-a0-196-g86fe4a5e66 (console) character file.

Game seed: 10016976592541892204

30 petzl the Sneak (level 3, -1/29 HPs)
             Began as a Formicid Delver on June 24, 2023.
             Slain by an iguana (8 damage)
             ... on level 5 of the Dungeon.
             The game lasted 00:05:58 (824 turns).

petzl the Sneak (Formicid Delver)                    Turns: 824, Time: 00:05:58

Health: -1/29      AC:  5    Str: 16    XL:     3   Next: 35%
Magic:  7/7        EV: 10    Int: 11    God:
Gold:   91         SH:  3    Dex: 15    Spells: 7/7 levels left

rFire   . . .        k - +0 rapier
rCold   . . .        e - +0 buckler
rNeg    . . .        i - +0 ring mail
rPois   .            (helmet unavailable)
rElec   .            (no cloak)
rCorr   .            (no gloves)
SInv    +            (no boots)
Will    .....        (no amulet)
Stlth   +++          (no ring)
HPRegen 0.24/turn    (no ring)
MPRegen 0.10/turn

%: no passive effects
@: no status effects
A: permanent stasis, dig shafts and tunnels, antennae 3, four strong arms
a: Dig, Shaft Self


You were on level 5 of the Dungeon.
You visited 1 branch of the dungeon, and saw 4 of its levels.

You collected 91 gold pieces.

Inventory:

Hand Weapons
 a - a +0 mace
 k - a +0 rapier (weapon)
Armour
 b - a +0 leather armour
 e - a +0 buckler (worn)
 i - a +0 ring mail (worn)
Wands
 f - a wand of digging (3)
Scrolls
 c - a scroll of fog
 d - a scroll of revelation
 h - a scroll of poison {unknown}
 j - a scroll of identify {unknown}
Potions
 g - a potion of lignification {unknown}


   Skills:
 - Level 3.2 Fighting
 - Level 2.0 Maces & Flails
 - Level 1.7 Dodging
 - Level 6.0 Stealth
 + Level 2.7 Spellcasting


You had 7 spell levels left.
You didn't know any spells.
Your spell library was empty.

Dungeon Overview and Level Annotations

Branches:
Dungeon (7/15)             Temple (0/1) D:5

Altars:
Uskayaw

Annotations:
D:4 exclusions: downstairs and howler monkey
D:5 exclusion: howler monkey, Grinder
D:6 exclusion: downstairs


Innate Abilities, Weirdness & Mutations

You cannot be hasted, slowed, berserked, paralysed or teleported.
You can dig through walls and to a lower floor.
You have a pair of large antennae on your head. (SInv)
Your four strong arms can wield two-handed weapons with a shield.


Message History

Your Spellcasting skill gained 2 levels and is now at level 2!
You have reached level 2!
You have reached level 3!
Your experience leads to an increase in your attributes!
Increase (S)trength, (I)ntelligence, or (D)exterity?
You feel clever. x2
You start resting.
HP restored.
You start resting.
Magic restored.
You see here a hound corpse.
You see here a hound corpse.
You puncture the iguana!
The iguana is heavily wounded.
You block the iguana's attack.
You completely miss the iguana.
The iguana is heavily wounded.
The iguana barely misses you.
You hit the iguana.
The iguana is severely wounded.
The iguana bites you!
You hit the iguana.
The iguana is severely wounded.
You block the iguana's attack. The iguana bites you!
You barely miss the iguana.
The iguana is severely wounded.
The iguana bites you.
* * * LOW HITPOINT WARNING * * *
Unknown command.
Unknown command.
You hit the iguana but do no damage.
The iguana is severely wounded.
The iguana closely misses you.
You closely miss the iguana.
The iguana is severely wounded.
The iguana closely misses you.
You hit the iguana.
The iguana is severely wounded.
The iguana bites you!
You die...

##........#..#.
....####..#...
...####.....##
....##......# .#..(#.
............##.#####..#
.~..........#.....$.(.#
.........##......_....#
........###...........
....###.##..##.......##
....# #>..............#
...##.#........#......#
...##................##
..##..................#
#..................#
...........>........#
...........##......###
............#...##.##
#...............#.l.#
.#..........##..@.#
#....~~..~. ###.##
.....~~..# ### ....~~.#
..... ##...


You could see an iguana.

Vanquished Creatures
  A hound (D:5)
  A quokka (D:4)
  A goblin (D:4)
3 creatures vanquished.

Notes
Turn   | Place    | Note
-------+----------+-------------------------------------------
     0 | D:5      | petzl the Formicid Delver began the quest for the Orb.
     0 | D:5      | Reached XP level 1. HP: 18/18 MP: 1/1
     0 | D:5      | Found a hide-covered altar of Uskayaw.
     5 | D:5      | Noticed a +0 hand axe
    18 | D:6      | Noticed a wight
    50 | D:5      | Noticed Grinder
    50 | D:5      | Noticed a hound
    50 | D:5      | Noticed an iguana
    50 | D:5      | Noticed an iguana
   125 | D:4      | Noticed a howler monkey
   264 | D:4      | Noticed an orc priest
   269 | D:4      | You fall into a shaft and drop 2 floors!
   292 | D:5      | Noticed a howler monkey
   293 | D:5      | Noticed a hound
   295 | D:5      | Found a staircase to the Ecumenical Temple.
   351 | D:4      | Noticed a hound
   378 | D:4      | You fall into a shaft and drop 2 floors!
   654 | D:7      | Noticed an orc wizard
   736 | D:5      | Killed a hound
   737 | D:5      | Reached XP level 2. HP: 16/24 MP: 1/5
   737 | D:5      | Reached XP level 3. HP: 19/29 MP: 1/7
   805 | D:5      | Noticed a +0 hand axe
   824 | D:5      | Slain by an iguana

Illustrated notes

Levels and vault maps discovered:
D:4:      cheibrodos_fertilizer, layout_basic, gammafunk_temple_overflow_statue,
          kennysheep_mini_moat, uniq_menkaure
D:5:      layout_cave_pools, dancing_weapons_uskayaw,
          mainiacjoe_overflow_alcove_4, lemuel_round_altar,
          minmay_temple_entry_gardened_gates, serial_rivers,
          chequers_serial_rivers_micro_c, chequers_serial_rivers_micro_d,
          chequers_serial_rivers_micro_b, chequers_serial_rivers_micro_d,
          chequers_serial_rivers_micro_c, chequers_serial_rivers_room_b,
          uniq_eustachio, uniq_grinder
D:6:      layout_loops_corners, grunt_temple_overflow_gold_and_silver,
          led_sif_book
D:7:      layout_loops_ring, nicolae_ru_sacrificial_ziggurat,
          nicolae_shop_fire_sale [nicolae_sub_dead_trees]

Skill      XL: |  1 |
---------------+----+-----
Spellcasting   | 2 |  2.7
Fighting       | |  3.2
Maces & Flails | |  2.0
Dodging        | |  1.7
Stealth        | |  6.0

Action                     || total
---------------------------++-------
  Melee: Mace              ||    13
         Rapier            ||    20
Ability: Shaft Self        ||     2
    Use: Scroll            ||     1
   Stab: Sleeping          ||     2
 Armour: Ring mail         ||    15
  Dodge: Dodged            ||    29
  Block: Buckler           ||     9

Table legend: (Time is in decaauts)
 A = Elapsed time spent in this place.
 B = Non-inter-level travel time spent in this place.
 C = Inter-level travel time spent in this place.
 D = Time resting spent in this place.
 E = Time spent auto-exploring this place.
 F = Levels seen in this place.
 G = Mean time per level.
                   A        B        C        D        E       F      G
               +--------+--------+--------+--------+--------+-----+--------+
         Total |    832 |    794 |     38 |    113 |     18 |   4 |  208.0 |
       Dungeon |    832 |    794 |     38 |    113 |     18 |   4 |  208.0 |
               +--------+--------+--------+--------+--------+-----+--------+

Top non-repeatable levels by time:
     D:6: 316 daAuts
     D:4: 296 daAuts
     D:5: 182 daAuts
     D:7: 36 daAuts
